 Dungeon Crawl Stone Soup version 0.24-a0-181-gd121a6d (webtiles) character file.

Game seed: 2132790207216200165

3408 robertstho the Magician (level 10, -3/73 HPs)
             Began as a Gnoll Venom Mage on Mar 14, 2019.
             Was a Follower of Sif Muna.
             Slain by a wight
             ... wielding a +0 trident
              (6 damage)
             ... on level 8 of the Dungeon.
             The game lasted 00:38:54 (7846 turns).

robertstho the Magician (Gnoll Venom Mage)          Turns: 7846, Time: 00:38:54

Health: -3/73      AC: 11    Str: 11    XL:     10   Next: 4%
Magic:  35/35      EV: 14    Int: 30    God:    Sif Muna [*.....]
Gold:   401        SH:  8    Dex: 15    Spells: 6/23 levels left

rFire    . . .     SeeInvis .   C - staff of power
rCold    . . .     Gourm    .   (no shield)
rNeg     . . .     Faith    .   z - +1 ring mail "Fichepn" {rF- Int+4}
rPois    .         Spirit   .   e - +1 helmet
rElec    .         Reflect  +   I - +0 cloak
rCorr    .         Harm     .   m - +0 pair of gloves
MR       .....                  (no boots)
Stlth    +++.......             N - brooch of Shielding {Reflect SH+8}
HPRegen  0.22/turn              w - ring of protection from fire
MPRegen  0.24/turn              o - ring of wizardry

@: brilliant, lightly drained
A: distributed training, fangs 1, strong nose
a: Divine Energy, Renounce Religion


You were on level 8 of the Dungeon.
You worshipped Sif Muna.
Sif Muna was aware of your devotion.
You were not hungry.

You visited 2 branches of the dungeon, and saw 9 of its levels.

You collected 632 gold pieces.
You spent 231 gold pieces at shops.

Inventory:

Hand Weapons
 n - the +0 falchion "Gownugh" {flame, MR+ Str+2, unknown}
   (You found it on level 7 of the Dungeon)

   It has been specially enchanted to burn those struck by it, causing extra
   injury to most foes and up to half again as much damage against particularly
   susceptible opponents.
   Big, fiery blades are also staple armaments of hydra-hunters.
   It affects your strength (+2).
   It affects your resistance to hostile enchantments.
 t - a +0 hunting sling
 u - a +1 morningstar of protection
 y - a +1 dagger of draining
Missiles
 k - 99 sling bullets
 D - 6 tomahawks (quivered)
 E - 4 exploding tomahawks
Armour
 a - a +0 robe
 e - a +1 helmet (worn)
 i - a +2 leather armour of poison resistance
 m - a +0 pair of gloves (worn)
 z - the +1 ring mail "Fichepn" (worn) {rF- Int+4}
   (You found it on level 6 of the Dungeon)

   It affects your intelligence (+4).
   It makes you vulnerable to fire.
 I - a +0 cloak (worn)
Magical Staves
 C - an uncursed staff of power (weapon)
Jewellery
 d - an uncursed ring of see invisible
 f - an uncursed ring of magical power {unknown}
 o - a ring of wizardry (right hand)
 s - an uncursed ring of stealth
 v - an uncursed ring of stealth
 w - a ring of protection from fire (left hand)
 N - the brooch of Shielding (around neck) {Reflect SH+8}
   (You found it on level 7 of the Dungeon)

   [amulet of reflection]

   It shields you and reflects attacks.
   It affects your SH (+8).
Wands
 j - a wand of digging (4)
 x - a wand of random effects (20)
 F - a wand of paralysis (6)
 P - a wand of flame (24)
Scrolls
 b - 4 scrolls of amnesia
 g - 5 scrolls of remove curse
 l - 2 scrolls of immolation
 q - a scroll of identify
 A - 2 scrolls of magic mapping
 B - a scroll of fog
 G - a scroll of random uselessness
 K - a scroll of noise
 L - a scroll of enchant armour
Potions
 p - 2 potions of brilliance
Comestibles
 c - 15 rations


   Skills:
 + Level 4.7(4.3) Fighting
 + Level 4.7(4.3) Short Blades
 + Level 4.7(4.3) Long Blades
 + Level 4.7(4.3) Axes
 + Level 4.7(4.3) Maces & Flails
 + Level 4.7(4.3) Polearms
 + Level 4.7(4.3) Staves
 + Level 4.7(4.3) Slings
 + Level 4.7(4.3) Bows
 + Level 4.7(4.3) Crossbows
 + Level 4.7(4.3) Throwing
 + Level 4.7(4.3) Armour
 + Level 6.7(6.2) Dodging
 + Level 6.4(5.9) Stealth
 + Level 4.7(4.3) Shields
 + Level 4.7(4.3) Unarmed Combat
 + Level 7.0(6.5) Spellcasting
 + Level 4.5(4.0) Conjurations
 + Level 3.9(3.4) Hexes
 + Level 3.9(3.4) Charms
 + Level 3.9(3.4) Summonings
 + Level 3.9(3.4) Necromancy
 + Level 3.9(3.4) Translocations
 + Level 3.9(3.4) Transmutations
 + Level 3.9(3.4) Fire Magic
 + Level 3.9(3.4) Ice Magic
 + Level 3.9(3.4) Air Magic
 + Level 3.9(3.4) Earth Magic
 + Level 6.8(6.3) Poison Magic
 + Level 5.2(4.7) Invocations
 + Level 4.7(4.3) Evocations


You had 6 spell levels left.
You knew the following spells:

 Your Spells              Type           Power        Failure   Level  Hunger
a - Sting                 Conj/Pois      ####         1%          1    None
b - Poisonous Vapours     Pois/Air       ######       1%          2    None
c - Mephitic Cloud        Conj/Pois/Air  ######..     1%          3    None
d - Olgreb's Toxic Radia  Pois           ######..     1%          4    ##.....
e - Venom Bolt            Conj/Pois      ######....   4%          5    #####..
f - Call Imp              Summ           #####...     1%          2    None

Your spell library contained the following spells:

 Spells                   Type           Power        Failure   Level  Hunger
 Animate Skeleton         Necr           N/A          1%          1    None
 Magic Dart               Conj           ####         1%          1    None
 Pain                     Necr           ####         1%          1    None
 Summon Small Mammal      Summ           ####         1%          1    None
 Blink                    Tloc           N/A          1%          2    None
 Slow                     Hex            #####...     1%          2    None
 Call Canine Familiar     Summ           #####...     1%          3    None
 Conjure Flame            Conj/Fire      ######..     1%          3    None
 Regeneration             Chrm/Necr      #####.....   1%          3    None
 Summon Guardian Golem    Hex/Summ       #####...     1%          3    None
 Vampiric Draining        Necr           #####.....   1%          3    None
 Animate Dead             Necr           N/A          3%          4    ##.....
 Summon Ice Beast         Ice/Summ       #####...     3%          4    ##.....
 Summon Lightning Spire   Summ/Air       #####...     3%          4    ##.....


Dungeon Overview and Level Annotations

Branches:
Dungeon (8/15)             Temple (1/1) D:6
   Lair: D:8-11

Altars:
Ashenzari
Cheibriados
Dithmenos
Elyvilon
Fedhas
Gozag
Hepliaklqana
Makhleb
Nemelex Xobeh
Okawaru
Qazlal
Ru
Sif Muna
Trog
Uskayaw
Wu Jian
Xom
Yredelemnul
Zin
The Shining One

Shops:
D:4 ?   D:6 (*


Innate Abilities, Weirdness & Mutations

Your experience applies equally to all skills.
You have very sharp teeth.
Your uncanny sense of smell can sniff out nearby items.


Message History

The crimson imp closely misses you.
Found 18 stones.
You hit the crimson imp.
You bite the crimson imp, but do no damage.
The crimson imp is moderately wounded.
You block the phantom's attack. You block the sky beast's attack.
Your wight closely misses the phantom.
The crimson imp blinks!
Evoke which item? (* to show all) (? for menu, Esc to quit)
Aiming: Paralyse
Press: ? - help, Shift-Dir - straight line, f - sky beast, p - wight
Aim: a sky beast (chance to defeat MR: 59%)
The sky beast resists with significant effort.
You block the wight's attack. The wight closely misses your wight.
The phantom hits you.
* * * LOW HITPOINT WARNING * * *
The phantom blinks!
Your wight hits the crimson imp with a +0 scimitar!
The sky beast misses you.
The wight hits you from afar with a +0 trident.
You die...

§§§#...# #... ∆ #.#
§§§#...# ### (.
#.## §§§#...# #..
#... ####...# #W#
##.O. .......# #.#
#.... ####...# #.#
#######§##.
§§§#...#
#.#######.z.)...###
§§§#####
#Yz5l.o(((####### #
§§§ #§@######## #
§§§ #####zz# #
###########z)zz.##
#.........zo#####
#......z.####
#.....z..#
#.....>..#
#..<.....#
##########


You could see a phantom, a sky beast, 3 wights, an orc priest, a crimson imp, a
leopard gecko and 2 friendly wights.

Vanquished Creatures
  A two-headed ogre (D:8)
  A manticore (D:8)
  2 black bears
  An orc warrior (D:6)
  2 sky beasts (D:7)
  An ice beast (D:5)
  2 ogres (D:5)
  A centaur (D:8)
  5 bullfrogs
  5 scorpions
  A water moccasin skeleton (D:8)
  A wight (D:8)
  A bullfrog zombie (D:8)
  An orc priest (D:4)
  7 hounds
  A centaur skeleton (D:5)
  A jelly (D:8)
  6 orc wizards
  5 worker ants
  Natasha (thrice) (D:2)
  A hound skeleton (D:4)
  A gnoll (D:5)
  6 adders
  A shadow imp (D:5)
  2 oozes
  A dart slug (D:2)
  2 leopard geckos
  15 orcs
  A ball python (D:2)
  4 bats
  7 giant cockroaches
  6 goblins
  6 hobgoblins
  A jackal (D:7)
  A kobold (D:3)
  2 quokkas
  A ball python skeleton (D:4)
  2 frilled lizards
  A quokka skeleton (D:8)
  7 rats
116 creatures vanquished.

Vanquished Creatures (collateral kills)
  Menkaure (D:6)
  An ice beast (D:6)
  3 crimson imps
  A bullfrog skeleton (D:6)
  An orc (D:7)
  A jackal (D:7)
8 creatures vanquished.

Grand Total: 124 creatures vanquished

Notes
Turn   | Place    | Note
-------+----------+-------------------------------------------
     0 | D:1      | robertstho the Gnoll Venom Mage began the quest for the
                  | Orb.
     0 | D:1      | Reached XP level 1. HP: 13/13 MP: 6/6
   318 | D:1      | Reached XP level 2. HP: 19/19 MP: 0/7
   483 | D:1      | Learned a level 2 spell: Poisonous Vapours
   880 | D:2      | Found an ornate altar of the Wu Jian Council.
   880 | D:2      | Found a white marble altar of Elyvilon.
   882 | D:2      | Found a burning altar of Makhleb.
   917 | D:2      | Noticed a phantom
  1205 | D:2      | Reached XP level 3. HP: 25/25 MP: 3/9
  1277 | D:2      | Reached skill level 5 in Spellcasting
  1352 | D:2      | Noticed Natasha
  1364 | D:2      | Killed Natasha
  1364 | D:2      | Reached skill level 1 in Fighting
  1364 | D:2      | Reached skill level 1 in Short Blades
  1364 | D:2      | Reached skill level 1 in Long Blades
  1364 | D:2      | Reached skill level 1 in Axes
  1364 | D:2      | Reached skill level 1 in Maces & Flails
  1364 | D:2      | Reached skill level 1 in Polearms
  1364 | D:2      | Reached skill level 1 in Staves
  1364 | D:2      | Reached skill level 1 in Slings
  1364 | D:2      | Reached skill level 1 in Bows
  1364 | D:2      | Reached skill level 1 in Crossbows
  1364 | D:2      | Reached skill level 1 in Throwing
  1364 | D:2      | Reached skill level 1 in Armour
  1364 | D:2      | Reached skill level 1 in Shields
  1364 | D:2      | Reached skill level 1 in Unarmed Combat
  1364 | D:2      | Reached skill level 1 in Invocations
  1364 | D:2      | Reached skill level 1 in Evocations
  1375 | D:2      | Noticed Natasha
  1394 | D:2      | Killed Natasha
  1394 | D:2      | Reached XP level 4. HP: 20/32 MP: 1/11
  1402 | D:2      | Learned a level 3 spell: Mephitic Cloud
  1407 | D:2      | Learned a level 4 spell: Olgreb's Toxic Radiance
  1448 | D:2      | Noticed Natasha
  1644 | D:2      | Killed Natasha
  1644 | D:2      | Reached skill level 1 in Hexes
  1644 | D:2      | Reached skill level 1 in Charms
  1644 | D:2      | Reached skill level 1 in Summonings
  1644 | D:2      | Reached skill level 1 in Necromancy
  1644 | D:2      | Reached skill level 1 in Translocations
  1644 | D:2      | Reached skill level 1 in Transmutations
  1644 | D:2      | Reached skill level 1 in Fire Magic
  1644 | D:2      | Reached skill level 1 in Ice Magic
  1644 | D:2      | Reached skill level 1 in Air Magic
  1644 | D:2      | Reached skill level 1 in Earth Magic
  2026 | D:3      | Reached XP level 5. HP: 34/37 MP: 2/12
  2150 | D:3      | Found a faded altar of an unknown god.
  2676 | D:4      | Found Jiannus's Magic Scroll Boutique.
  2731 | D:4      | Reached XP level 6. HP: 19/44 MP: 0/13
  2995 | D:3      | Reached skill level 5 in Dodging
  3272 | D:4      | Bought a scroll of amnesia for 49 gold pieces
  3272 | D:4      | Bought a scroll of blinking for 105 gold pieces
  3272 | D:4      | Bought a scroll of magic mapping for 49 gold pieces
  3272 | D:4      | Bought a scroll of fog for 28 gold pieces
  3387 | D:4      | Found a shimmering altar of Xom.
  3462 | D:4      | Reached XP level 7. HP: 50/50 MP: 11/15
  3560 | D:5      | Entered Level 5 of the Dungeon
  3649 | D:5      | Reached skill level 5 in Stealth
  4025 | D:5      | Found a bloodstained altar of Trog.
  4184 | D:5      | Reached XP level 8. HP: 27/57 MP: 16/16
  4348 | D:5      | Learned a level 5 spell: Venom Bolt
  4805 | D:6      | Found a staircase to the Ecumenical Temple.
  4807 | D:6      | Noticed Menkaure
  5055 | Temple   | Entered the Ecumenical Temple
  5490 | D:5      | Learned a level 2 spell: Call Imp
  5554 | D:6      | Got a shimmering ring mail
  5565 | D:6      | Identified the +1 ring mail "Fichepn" {rF- Int+4} (You
                  | found it on level 6 of the Dungeon)
  5588 | D:6      | Found Ritiah's Antique Weapon Boutique.
  5612 | D:6      | Reached skill level 6 in Spellcasting
  5625 | D:6      | Found Enu Irr's Assorted Antiques.
  5726 | D:6      | Found a deep blue altar of Sif Muna.
  5745 | D:6      | Became a worshipper of Sif Muna the Loreminder
  6005 | D:6      | Killed Menkaure
  6405 | D:7      | Found a blossoming altar of Fedhas.
  6432 | D:7      | Found a shadowy altar of Dithmenos.
  6723 | D:7      | Reached XP level 9. HP: 65/65 MP: 18/18
  6834 | D:7      | Found the brooch of Shielding {Reflect SH+8}
  6896 | D:7      | Got a crystal falchion
  7051 | D:8      | Found a stormy altar of Qazlal.
  7084 | D:8      | Noticed a two-headed ogre
  7455 | D:8      | Reached * piety under Sif Muna
  7495 | D:8      | Noticed a manticore
  7506 | D:8      | Killed a manticore
  7763 | D:8      | Killed a two-headed ogre
  7763 | D:8      | Reached skill level 5 in Invocations
  7763 | D:8      | Reached XP level 10. HP: 35/73 MP: 2/20
  7796 | D:8      | Reached skill level 7 in Spellcasting
  7827 | D:8      | Identified a scroll of acquirement
  7830 | D:8      | HP: 5/109 [wight/cursed +3 hand axe of freezing (3)]
  7846 | D:8      | HP: 3/73 [phantom (4)]
  7846 | D:8      | Slain by a wight

Levels and vault maps discovered:
D:1:      nicolae_arrival_memento_mori, layout_basic
D:2:      layout_basic, chequers_temple_overflow_statue_of_worship,
          serial_park_tiny_pond, grunt_decor_resistance, minivault_27,
          kennysheep_generic_room_7, uniq_natasha, uniq_sigmund,
          uniq_crazy_yiuf_cottage
D:3:      layout_basic, chequers_ecumenical_altar_simple, lemuel_flame_loot_1
D:4:      layout_rooms, nicolae_overflow_crystal_walls, first_ration,
          serial_shops, shop
D:5:      layout_rooms, lemuel_round_altar, st_stairs_7,
          minmay_chambers_of_fives
D:6:      layout_rooms, lemuel_round_altar, minmay_temple_entry_stoned_glass,
          serial_shops, nicolae_shop_trees, shop_coins, uniq_menkaure
D:7:      layout_gridville, fedhas_altar_2,
          nicolae_dithmenos_through_a_glass_darkly
D:8:      layout_rooms, nicolae_qazlal_eye_of_the_storm,
          nicolae_overflow_hidden_temple
Temple:   minmay_temple_curvy_loop

Skill      XL: |  1  2  3  4  5  6  7  8  9 10 |
---------------+-------------------------------+-----
Conjurations   | 2 3 4 |  4.5
Spellcasting   | 5 6 7 |  7.0
Fighting       | 1 2 3 4 |  4.7
Short Blades   | 1 2 3 4 |  4.7
Long Blades    | 1 2 3 4 |  4.7
Axes           | 1 2 3 4 |  4.7
Maces & Flails | 1 2 3 4 |  4.7
Polearms       | 1 2 3 4 |  4.7
Staves         | 1 2 3 4 |  4.7
Slings         | 1 2 3 4 |  4.7
Bows           | 1 2 3 4 |  4.7
Crossbows      | 1 2 3 4 |  4.7
Throwing       | 1 2 3 4 |  4.7
Armour         | 1 2 3 4 |  4.7
Shields        | 1 2 3 4 |  4.7
Unarmed Combat | 1 2 3 4 |  4.7
Invocations    | 1 2 3 4 5 |  5.2
Evocations     | 1 2 3 4 |  4.7
Hexes          | 1 2 3 |  3.9
Charms         | 1 2 3 |  3.9
Summonings     | 1 2 3 |  3.9
Necromancy     | 1 2 3 |  3.9
Translocations | 1 2 3 |  3.9
Transmutations | 1 2 3 |  3.9
Fire Magic     | 1 2 3 |  3.9
Ice Magic      | 1 2 3 |  3.9
Air Magic      | 1 2 3 |  3.9
Earth Magic    | 1 2 3 |  3.9
Dodging        | 5 6 |  6.7
Stealth        | 5 6 |  6.4
Poison Magic   | 6 |  6.8

Action                   |  1- 3 |  4- 6 |  7- 9 | 10-12 || total
-------------------------+-------+-------+-------+-------++-------
Melee: Unarmed           |    46 |    17 |       |       ||    63
       Bite              |     3 |    14 |    29 |     5 ||    51
       Dagger            |       |    74 |    11 |       ||    85
       Staff             |       |       |   194 |    32 ||   226
       Punch             |       |       |     2 |     1 ||     3
 Fire: Hunting sling     |       |     6 |       |       ||     6
Throw: Tomahawk          |       |       |     3 |     3 ||     6
 Cast: Sting             |     8 |    37 |    49 |       ||    94
       Poisonous Vapours |    20 |    25 |    39 |     3 ||    87
       Mephitic Cloud    |       |     3 |     8 |     1 ||    12
       Olgreb's Toxic Ra |       |     2 |     4 |       ||     6
       Call Imp          |       |       |    27 |     2 ||    29
       Venom Bolt        |       |       |    13 |     3 ||    16
Evoke: Wand              |       |       |     2 |     7 ||     9
  Use: Scroll            |       |     5 |     4 |     5 ||    14
       Potion            |       |     3 |     3 |     5 ||    11
 Stab: Sleeping          |       |     1 |       |       ||     1
       Paralysed         |       |       |     2 |       ||     2
       Distracted        |       |       |       |     1 ||     1
  Eat: Chunk             |     1 |     8 |    14 |       ||    23
       Ration            |       |       |     1 |     1 ||     2
Armor: Robe              |     9 |    23 |    21 |       ||    53
       Ring mail         |       |       |    73 |     6 ||    79
       Skin              |       |       |       |    87 ||    87
Dodge: Dodged            |    38 |    80 |   150 |    19 ||   287
Block: Other             |       |    11 |    45 |    42 ||    98

Table legend:
 A = Non-vault XP
 B = Vault XP
 C = Vault XP percentage of total XP
 D = Non-vault monster count
 E = Vault monster count
 F = Vault count percentage of total count
                 A         B        C        D         E       F
            +---------+---------+-------+---------+---------+-------
      Total |    4440 |     429 |   8.8 |     114 |      10 |   8.1
            +---------+---------+-------+---------+---------+-------
        D:1 |      13 |       0 |   0.0 |       5 |       0 |   0.0
        D:2 |     102 |      37 |  26.6 |      17 |       2 |  10.5
        D:3 |     151 |       0 |   0.0 |      20 |       0 |   0.0
        D:4 |     408 |       0 |   0.0 |      17 |       0 |   0.0
        D:5 |     355 |     284 |  44.4 |      11 |       7 |  38.9
        D:6 |     557 |     108 |  16.2 |      12 |       1 |   7.7
        D:7 |     680 |       0 |   0.0 |      14 |       0 |   0.0
        D:8 |    2174 |       0 |   0.0 |      18 |       0 |   0.0
            +---------+---------+-------+---------+---------+-------
